[Event "Late-Titled-Tuesday-Blitz-September-05-2023"]
[Site "Chess.com"]
[Date "2023.09.05"]
[Round "9"]
[White "IlanSchnaider"]
[Black "boldpilot22622"]
[Result "1-0"]
[WhiteElo "2739"]
[BlackElo "2510"]
[TimeControl "180+1"]
[EndTime "15:41:34 PDT"]
[Termination "IlanSchnaider won by resignation"]

1. d4 d6 2. e4 g6 3. Nc3 Bg7 4. f4 Nd7 5. Nf3 e5 6. Bc4 Nh6 7. O-O O-O 8. dxe5 dxe5 9. fxe5 Nb6 10. Qxd8 Rxd8 11. Bb3 Ng4 12. Bg5 Re8 13. Nb5 Be6 14.
Nxc7 Bxb3 15. axb3 Nxe5 16. Nxe8 Rxe8 17. Rxa7 Nxf3+ 18. gxf3 Bxb2 19. Rxb7 Bd4+ 20. Kg2 Nc8 21. Rd1 1-0

[Event "Late-Titled-Tuesday-Blitz-September-05-2023"]
[Site "Chess.com"]
[Date "2023.09.05"]
[Round "9"]
[White "kacprekt"]
[Black "DenizSeyhanoglu1"]
[Result "1-0"]
[WhiteElo "2425"]
[BlackElo "2317"]
[TimeControl "180+1"]
[EndTime "15:42:39 PDT"]
[Termination "kacprekt won by resignation"]

1. Nf3 d5 2. e3 c5 3. b3 Nc6 4. Bb5 Bd7 5. O-O e6 6. Bb2 Nf6 7. c4 Bd6 8. cxd5 exd5 9. Bxc6 bxc6 10. d4 O-O 11. Nc3 Re8 12. Ba3 Qe7 13. dxc5 Bxc5 14. Bxc5 Qxc5 15. Qd4 Qb6 16. Na4 Qa5 17. Qc5 Qd8 18. Nc3 h5 19. Nd4 h4 20. h3 Qb6 21.
Na4 Qa6 22. Rfc1 Ne4 23. Qc2 Re5 24. Nc5 Nxc5 25. Qxc5 Rg5 26. Kh2 Qd3 27. Qe7 Bf5 28.
Qxg5 1-0

[Event "Late-Titled-Tuesday-Blitz-September-05-2023"]
[Site "Chess.com"]
[Date "2023.09.05"]
[Round "9"]
[White "venturov"]
[Black "chessS1r"]
[Result "0-1"]
[WhiteElo "2449"]
[BlackElo "2582"]
[TimeControl "180+1"]
[EndTime "15:42:47 PDT"]
[Termination "chessS1r won by resignation"]

1. Nf3 d5 2. b3 c5 3. Bb2 f6 4. e3 e5 5. c4 d4 6. Nxe5 fxe5 7. Qh5+ Kd7 8. Qxe5 Nc6 9. Qg3 Qc7 10.
Qg4+ Kd8 11. Qf3 Nf6 12. Be2 Bg4 13. Qg3 Bd6 14. f4 Bxe2 15. Kxe2 Re8 16. Qg5 Bxf4 17.
Qxc5 dxe3 18. d4 Qd7 19. h3 Ne4 20. Qb5 Ng3+ 21. Kf3 Nxh1 22. Nc3 Nf2 23. Nd5 Nd3 24. Nxf4 Nxb2 25. d5 Nd4+ 0-1

[Event "Late-Titled-Tuesday-Blitz-September-05-2023"]
[Site "Chess.com"]
[Date "2023.09.05"]
[Round "9"]
[White "gunslinger222"]
[Black "queen_iryna"]
[Result "1-0"]
[WhiteElo "2444"]
[BlackElo "2334"]
[TimeControl "180+1"]
[EndTime "15:42:54 PDT"]
[Termination "gunslinger222 won by resignation"]

1. d4 d6 2. Nf3 g6 3. h4 h5 4. e4 Bg7 5. Bd3 a6 6. Nc3 Bg4 7. Qe2 Nc6 8. Qe3 Bxf3 9. Qxf3 Nxd4 10. Qg3 Nf6 11. Be3 Nc6 12. Be2 O-O 13. f4 Nb4 14.
O-O-O Ng4 15. Bxg4 hxg4 16. e5 Qc8 17. a3 Nc6 18.
exd6 cxd6 19. h5 Qf5 20. hxg6 fxg6 21. Rh4 d5 22. Rxd5 Qe6 23. Rxg4 Qxg4 24. Qxg4 Kf7 25. f5 1-0

[Event "Late-Titled-Tuesday-Blitz-September-05-2023"]
[Site "Chess.com"]
[Date "2023.09.05"]
[Round "9"]
[White "Valio_M1948"]
[Black "Aygehovit1992"]
[Result "0-1"]
[WhiteElo "2539"]
[BlackElo "2727"]
[TimeControl "180+1"]
[EndTime "15:43:08 PDT"]
[Termination "Aygehovit1992 won by resignation"]

1. d4 d6 2. e4 g6 3. Nc3 a6 4. Be3 b5 5. Qd2 Bg7 6. Nf3 Nc6 7. d5 Na5 8. Bd4 Nf6 9. b3 O-O 10. Bd3 c5 11. dxc6 Nxc6 12. Be3 Ng4 13. O-O-O Nxe3 14. fxe3 Qa5 15. Nb1 Qxa2 16. c3 Qxb3 17. Qb2 Qxb2+ 18. Kxb2 b4 19. Kc2 Bg4 20. Nd4 Rfc8 21. Nxc6 Rxc6 22. Rc1 bxc3 23. e5 Bxe5 24. Be4 Bf5 25. Bxf5 gxf5 26. Kd3 Rb8 27. Nxc3 Rb3 0-1

[Event "Late-Titled-Tuesday-Blitz-September-05-2023"]
[Site "Chess.com"]
[Date "2023.09.05"]
[Round "9"]
[White "SEBAZZANO"]
[Black "maurovargas01"]
[Result "1-0"]
[WhiteElo "2191"]
[BlackElo "1857"]
[TimeControl "180+1"]
[EndTime "15:43:09 PDT"]
[Termination "SEBAZZANO won by checkmate"]

1. d4 d5 2. Bf4 h5 3. Nf3 Bf5 4. e3 Be4 5. Nbd2 e6 6. h3 Be7 7. Nxe4 dxe4 8. Nd2 f5 9. Be2 Nf6 10. Bg5 g6 11. O-O Qd6 12. Nc4 Qd5 13. Ne5 Nbd7 14. c4 Qa5 15. Nxg6 Rg8 16. Bxh5 c6 17. Nf4+ Nxh5 18. Qxh5+ Kd8 19. Nxe6+ Kc8 20. Bxe7 b6 21. d5 cxd5 22. Qxf5 Kb7 23. Rad1 Nc5 24. Qxd5+ Ka6 25. Nc7# 1-0

[Event "Late-Titled-Tuesday-Blitz-September-05-2023"]
[Site "Chess.com"]
[Date "2023.09.05"]
[Round "9"]
[White "Gogolev_Artemy"]
[Black "slidingknight2775"]
[Result "1-0"]
[WhiteElo "2454"]
[BlackElo "2566"]
[TimeControl "180+1"]
[EndTime "15:43:19 PDT"]
[Termination "Gogolev_Artemy won by resignation"]

1. Nf3 d5 2. c4 e6 3. g3 Nf6 4. Bg2 Be7 5. O-O O-O 6. b3 d4 7. Bb2 c5 8. e3 Nc6 9. exd4 cxd4 10.
Re1 a5 11. a3 h6 12. d3 Bc5 13. Nbd2 Qd6 14. Qe2 Re8 15. Ne5 Nxe5 16. Qxe5 Qxe5 17. Rxe5 Nd7 18. Ree1 e5 19. f4 f6 20. Bd5+ Kf8 21. Ne4 Ra6 22. fxe5 fxe5 23. Rf1+ Nf6 24. Nxc5 1-0

[Event "Late-Titled-Tuesday-Blitz-September-05-2023"]
[Site "Chess.com"]
[Date "2023.09.05"]
[Round "9"]
[White "buenamor1972"]
[Black "cthulhuuu"]
[Result "0-1"]
[WhiteElo "2335"]
[BlackElo "2464"]
[TimeControl "180+1"]
[EndTime "15:43:30 PDT"]
[Termination "cthulhuuu won by checkmate"]

1. Nf3 Nf6 2. g3 g6 3. Bg2 Bg7 4. O-O O-O 5. d3 d6 6. e4 c5 7. Nbd2 Nc6 8. a4 Rb8 9. Nc4 b6 10. e5 dxe5 11. Nfxe5 Nxe5 12. Nxe5 Bb7 13. Nc6 Bxc6 14.
Bxc6 Nd5 15. c3 e6 16. Bb5 h5 17. Qf3 h4 18. Bc4 hxg3 19. hxg3 Qd7 20. Kg2 Rbd8 21. Bg5 f6 22. Bd2 Rfe8 23. Rfe1 Qf7 24. a5 g5 25.
axb6 axb6 26. Ra6 Qb7 27. Rea1 g4 28. Qe4 f5 29. Bxd5 Rxd5 30. Qe2 Re5+ 31. Kf1 Qh1# 0-1

[Event "Late-Titled-Tuesday-Blitz-September-05-2023"]
[Site "Chess.com"]
[Date "2023.09.05"]
[Round "9"]
[White "sterpfi"]
[Black "Kosak12"]
[Result "0-1"]
[WhiteElo "2173"]
[BlackElo "2785"]
[TimeControl "180+1"]
[EndTime "15:43:33 PDT"]
[Termination "Kosak12 won by resignation"]

1. e4 c5 2. Nf3 d6 3. Bb5+ Bd7 4.
Bxd7+ Qxd7 5. c4 Nf6 6. Nc3 g6 7. d4 cxd4 8. Nxd4 Bg7 9. f3 O-O 10. Be3 Nc6 11. O-O e6 12. Qd2 Rac8 13. b3 Rfd8 14. Rad1 a6 15. Kh1 Nxd4 16. Bxd4 b5 17. cxb5 axb5 18. a4 bxa4 19. bxa4 Rc4 20. Nb5 Ra8 21.
Bxf6 Bxf6 22. Qxd6 Qxd6 23. Nxd6 Rcxa4 24. h3 Be5 25. f4 Bxd6 26. Rxd6 Rxe4 27. Rd2 Raa4 28.
Rdf2 Kg7 29. Kh2 Kf6 30. g4 Re3 31. Rf3 Ra2+ 32. Kg3 Ree2 33. f5 Rg2+ 34. Kh4 exf5 35. gxf5 Ra4+ 36. Rf4 Rxf4+ 37. Rxf4 g5+ 38. Kh5 gxf4 39. h4 Kxf5 40. Kh6 Rh2 0-1

[Event "Late-Titled-Tuesday-Blitz-September-05-2023"]
[Site "Chess.com"]
[Date "2023.09.05"]
[Round "9"]
[White "ridnani2021"]
[Black "FairChess_on_YouTube"]
[Result "1/2-1/2"]
[WhiteElo "2608"]
[BlackElo "3019"]
[TimeControl "180+1"]
[EndTime "15:43:35 PDT"]
[Termination "Game drawn by agreement"]

1. e4 a6 2. d4 c6 3. Nf3 d5 4. Nc3 Bg4 5. h3 Bh5 6. Be2 e6 7. O-O Nf6 8. e5 Nfd7 9. Ng5 Bg6 10. Bh5 Be7 11. Bxg6 hxg6 12. Qg4 Bxg5 13. Bxg5 Qb6 14. b3 c5 15. Na4 Qc6 16. Nxc5 Nxc5 17. dxc5 Nd7 18.
c4 dxc4 19. Qxc4 Nxe5 20. Qc3 f6 21. Bf4 Nf7 22. Qd3 g5 23. Bd6 O-O-O 24. Rac1 g4 25. hxg4 Rh4 26. Qf3 Rdh8 27. Qxc6+ bxc6 28. f3 e5 29. Kf2 Kd7 30. Rfd1 Ke6 31. Bc7 Rh2 32. Kg3 e4 33.
Re1 Kd7 34. Bd6 Nxd6 35. Rcd1 exf3 36. Rxd6+ Kc8 37. Kxf3 1/2-1/2

[Event "Late-Titled-Tuesday-Blitz-September-05-2023"]
[Site "Chess.com"]
[Date "2023.09.05"]
[Round "9"]
[White "tteshan"]
[Black "RIPOL"]
[Result "0-1"]
[WhiteElo "2561"]
[BlackElo "2450"]
[TimeControl "180+1"]
[EndTime "15:43:36 PDT"]
[Termination "RIPOL won by resignation"]

1. e4 Nf6 2. e5 Nd5 3. c4 Nb6 4.
d4 d6 5. exd6 cxd6 6. Nf3 g6 7.
Be2 Bg7 8. h3 O-O 9. O-O Nc6 10.
Nc3 Bf5 11. Be3 d5 12. c5 Nc4 13. Bxc4 dxc4 14. Qa4 e5 15. d5 Nd4 16. Qxc4 Nxf3+ 17. gxf3 Bxh3 18. Rfd1 f5 19. d6+ Kh8 20. f4 Qh4 21. Ne2 Qg4+ 22. Ng3 Qf3 23. Qf1 Bxf1 24. Nxf1 exf4 25.
Bd4 Qg4+ 26. Kh1 f3 27. Bxg7+ Kxg7 28. Ne3 Qh3+ 29. Kg1 f4 0-1

[Event "Late-Titled-Tuesday-Blitz-September-05-2023"]
[Site "Chess.com"]
[Date "2023.09.05"]
[Round "9"]
[White "olakenn"]
[Black "Quattroporte300"]
[Result "0-1"]
[WhiteElo "1880"]
[BlackElo "2389"]
[TimeControl "180+1"]
[EndTime "15:43:41 PDT"]
[Termination "Quattroporte300 won by resignation"]

1. e4 c5 2. Nc3 a6 3. g3 b5 4. Bg2 Bb7 5. d3 g6 6. Nge2 Bg7 7.
Rb1 d6 8. Be3 e6 9. Qd2 Ne7 10.
Bh6 O-O 11. h4 b4 12. Nd1 Bxh6 13. Qxh6 Nf5 14. Qd2 Ng7 15. Ne3 h5 16. g4 Nd7 17.
Nf4 Qf6 18. Nc4 e5 19. Nd5 Bxd5 20. exd5 hxg4 21. Qg5 Nf5 22. Qxf6 Nxf6 23. Be4 Rad8 24. Bxf5 gxf5 25. h5 Kh7 26. Ke2 f4 27. Rbg1 Rg8 28. c3 Nxd5 29. cxb4 Nxb4 30. a3 Nc6 31. Rh4 f5 32. h6 d5 33. Nd2 Nd4+ 34. Kd1 Rb8 35. Kc1 Ne2+ 0-1

[Event "Late-Titled-Tuesday-Blitz-September-05-2023"]
[Site "Chess.com"]
[Date "2023.09.05"]
[Round "9"]
[White "JackRodgers"]
[Black "JoakimVonAnd"]
[Result "0-1"]
[WhiteElo "2605"]
[BlackElo "2723"]
[TimeControl "180+1"]
[EndTime "15:43:45 PDT"]
[Termination "JoakimVonAnd won by resignation"]

1. d4 d5 2. Bg5 Nf6 3. Bxf6 gxf6 4. e3 Bf5 5. c4 c6 6. Nc3 e6 7. Qb3 Qb6 8. Qxb6 axb6 9. cxd5 exd5 10. Kd2 Bd6 11.
Bd3 Bxd3 12. Kxd3 b5 13. Nf3 Nd7 14. Nh4 b4 15. Ne2 Kd8 16. Nf5 Kc7 17. g4 Ra6 18. Nh6 Rha8 19. Nc1 c5 20. b3 Ra3 21. dxc5 Nxc5+ 22. Kc2 Be5 23. Rb1 Rxa2+ 24. Nxa2 Rxa2+ 25. Kd1 Nd3 26. Re1 Nxf2+ 27. Kc1 Nd3+ 28. Kd1 Nxe1 29. Kxe1 Rxh2 30.
Rc1+ Bc3+ 31. Kd1 Rxh6 0-1

[Event "Late-Titled-Tuesday-Blitz-September-05-2023"]
[Site "Chess.com"]
[Date "2023.09.05"]
[Round "9"]
[White "PNEPaul"]
[Black "talaicito"]
[Result "0-1"]
[WhiteElo "1906"]
[BlackElo "2262"]
[TimeControl "180+1"]
[EndTime "15:43:59 PDT"]
[Termination "talaicito won by resignation"]

1. e4 b6 2. d4 Bb7 3. Nc3 g6 4. Bd3 Bg7 5. Nge2 e6 6. O-O Ne7 7. Kh1 d6 8. Be3 Nd7 9. Qd2 h6 10. f4 a6 11. Rad1 Nf6 12. h3 d5 13. e5 Nd7 14.
Ng3 c5 15. f5 gxf5 16. Nxf5 Nxf5 17. Bxf5 exf5 18. Rxf5 Qe7 19. Rdf1 Rf8 20. Bxh6 Bxh6 21. Qxh6 O-O-O 22. Qf4 cxd4 23. Qxd4 Nc5 24. b4 Ne6 25. Qxb6 d4 26. Na4 Qh4 0-1

[Event "Late-Titled-Tuesday-Blitz-September-05-2023"]
[Site "Chess.com"]
[Date "2023.09.05"]
[Round "9"]
[White "Bigfish1995"]
[Black "Parhamov"]
[Result "1-0"]
[WhiteElo "3081"]
[BlackElo "2976"]
[TimeControl "180+1"]
[EndTime "15:44:01 PDT"]
[Termination "Bigfish1995 won on time"]

1. a3 h5 2. h4 a5 3. a4 Na6 4. d4 d5 5. Bf4 Bf5 6. e3 e6 7. c3 Bd6 8. Ne2 Nf6 9. Nd2 c5 10. Bg5 Qb6 11. Qb3 Qxb3 12. Nxb3 b6 13. f3 Nd7 14. Bf4 Bxf4 15. Nxf4 Nc7 16. O-O-O Ke7 17. Re1 e5 18. dxe5 Nxe5 19. Nxd5+ Nxd5 20. e4 Bd7 21. exd5 Kf6 22. Nd2 Bxa4 23. Ne4+ Kg6 24. Nxc5 bxc5 25. Rxe5 Bd7 26. Bd3+ Kf6 27. Rhe1 a4 28. d6 Be6 29. Rxc5 1-0

[Event "Late-Titled-Tuesday-Blitz-September-05-2023"]
[Site "Chess.com"]
[Date "2023.09.05"]
[Round "9"]
[White "Marcin"]
[Black "infinitegiantkiller"]
[Result "1-0"]
[WhiteElo "2488"]
[BlackElo "2482"]
[TimeControl "180+1"]
[EndTime "15:44:01 PDT"]
[Termination "Marcin won by resignation"]

1. e4 g6 2. d4 Bg7 3. Be3 d6 4. Nc3 Nd7 5. f3 Ngf6 6. Bd3 O-O 7. Nge2 e5 8. d5 c6 9. Qd2 cxd5 10. exd5 a6 11.
h4 b5 12. a3 h5 13. O-O-O Nc5 14. Bg5 Qa5 15. Bxf6 Bxf6 16. Ne4 Qxd2+ 17. Kxd2 Nxe4+ 18. fxe4 Bd7 19. g3 Bg4 20. Rc1 Kg7 21. c4 bxc4 22.
Rxc4 Rfb8 23. Rb1 Rb6 24. Rc6 Rxc6 25. dxc6 Rc8 26. Rc1 a5 27. c7 g5 28. Ba6 gxh4 29. Bxc8 Bxc8 30. gxh4 Bxh4 31. Rc6 Bg5+ 32. Kd1 h4 33.
Rxd6 h3 34. Rd8 Bg4 35. c8=Q h2 36. Rg8+ Kh7 37. Rh8+ Kg6 38. Qg8+ Kf6 39. Rxh2 1-0

[Event "Late-Titled-Tuesday-Blitz-September-05-2023"]
[Site "Chess.com"]
[Date "2023.09.05"]
[Round "9"]
[White "NovikovaGalina"]
[Black "Rinqed222"]
[Result "1-0"]
[WhiteElo "2401"]
[BlackElo "2242"]
[TimeControl "180+1"]
[EndTime "15:44:06 PDT"]
[Termination "NovikovaGalina won on time"]

1. e4 e6 2. Nf3 d5 3. e5 c5 4. b4 c4 5. c3 a5 6. b5 Nd7 7. d3 cxd3 8. Bxd3 f6 9. Bf4 fxe5 10. Nxe5 Qf6 11. Nxd7 Bxd7 12. Qd2 e5 13. Bg5 Qb6 14. O-O Nf6 15. Re1 Bd6 16. c4 O-O 17. Nc3 d4 18. Na4 Qd8 19. c5 Bb8 20. Rac1 Qe8 21. Nb6 Ng4 22. f3 Nxh2 23. Kxh2 Qh5+ 24. Kg1 e4 25. Bxe4 Qh2+ 26. Kf2 Qg3+ 27.
Ke2 Qxg2+ 28. Kd1 Qg3 29. Nxd7 1-0

[Event "Late-Titled-Tuesday-Blitz-September-05-2023"]
[Site "Chess.com"]
[Date "2023.09.05"]
[Round "9"]
[White "GAO"]
[Black "rdarruda"]
[Result "0-1"]
[WhiteElo "2292"]
[BlackElo "2503"]
[TimeControl "180+1"]
[EndTime "15:44:06 PDT"]
[Termination "rdarruda won by checkmate"]

1. e4 c5 2. Nf3 Nc6 3. d4 cxd4 4. Nxd4 e5 5. Nb5 a6 6. Nd6+ Bxd6 7. Qxd6 Qe7 8. Qd1 Nf6 9. Nc3 d6 10. Bg5 Be6 11.
Na4 O-O 12. Nb6 Rad8 13. c3 h6 14. Bxf6 Qxf6 15. Nd5 Bxd5 16. Qxd5 Qe6 17. Bc4 Qxd5 18. Bxd5 Rd7 19. O-O-O Rc8 20. Kb1 Kf8 21. Rd3 Ke7 22.
Rf3 Nd8 23. Rd1 Ne6 24. Rg3 g6 25. Rf3 Nf4 26. g3 Nxd5 27. Rxd5 Ke6 28. h4 Rc4 29. Re3 Rxe4 30. Rxd6+ Rxd6 31. Rxe4 f5 32. Re2 Rd1+ 33. Kc2 Rf1 34. Kd2 e4 35. Ke3 Ke5 36. Rd2 g5 37.
Ke2 Rb1 38. hxg5 hxg5 39. b4 f4 40. gxf4+ gxf4 41. Rd7 f3+ 42. Kd2 Rb2+ 43. Ke1 Re2+ 44. Kd1 Rxf2 45. Rxb7 Rxa2 46. Re7+ Kf4 47. c4 Ke3 48. b5 axb5 49. cxb5 f2 50. Rf7 Ra1+ 51. Kc2 f1=Q 52. Rxf1 Rxf1 53. Kc3 Rb1 54. Kc4 Kd2 55. Kc5 e3 56. b6 e2 57. Kc6 e1=Q 58. b7 Qc1+ 59.
Kd6 Rxb7 60. Kd5 Qc3 61. Ke4 Re7+ 62. Kd5 Re5+ 63. Kd6 Qc5+ 64. Kd7 Re7+ 65. Kd8 Qc7# 0-1

[Event "Late-Titled-Tuesday-Blitz-September-05-2023"]
[Site "Chess.com"]
[Date "2023.09.05"]
[Round "9"]
[White "Hikaru"]
[Black "Sina_Movahed"]
[Result "1-0"]
[WhiteElo "3242"]
[BlackElo "2988"]
[TimeControl "180+1"]
[EndTime "15:44:07 PDT"]
[Termination "Hikaru won by resignation"]

1. a3 Nf6 2. c4 g6 3. b4 Bg7 4. Bb2 O-O 5. Nf3 d6 6. d4 Nbd7 7. e3 c5 8. Nbd2 cxd4 9. exd4 b6 10. d5 e6 11. dxe6 fxe6 12. Be2 Bb7 13. O-O Qc7 14. Qb3 Rae8 15. Rad1 Nh5 16. Bxg7 Kxg7 17. Rfe1 Nf4 18. Bf1 e5 19. g3 Ne6 20. Bg2 Nf6 21. h3 Re7 22. Qb2 h6 23. Re3 Ng5 24. Nxg5 hxg5 25. c5 Bxg2 26. cxd6 Qxd6 27. Kxg2 Rd8 28. Ree1 Qc6+ 29.
Kg1 Qe6 30. Nf3 Rxd1 31. Rxd1 Qxh3 32. Nxe5 Qf5 33. Nc6 Rc7 34. Rd6 Rd7 35. Nd4 Qg4 36.
Ne6+ Kf7 37. Nd8+ Ke8 38. Qxf6 Re7 39. Ne6 1-0

[Event "Late-Titled-Tuesday-Blitz-September-05-2023"]
[Site "Chess.com"]
[Date "2023.09.05"]
[Round "9"]
[White "TheMagician"]
[Black "micke12a"]
[Result "0-1"]
[WhiteElo "2113"]
[BlackElo "2351"]
[TimeControl "180+1"]
[EndTime "15:44:09 PDT"]
[Termination "micke12a won by checkmate"]

1. d4 Nf6 2. Nf3 d5 3. c4 e6 4. Nc3 dxc4 5. Qa4+ Nbd7 6. Bg5 a6 7. Qxc4 c5 8. e4 b5 9. Qd3 cxd4 10. Bxf6 Nxf6 11. Qxd4 Qxd4 12. Nxd4 b4 13. Na4 Nxe4 14. Nb6 Rb8 15.
Nxc8 Rxc8 16. Bxa6 Rc7 17. O-O Bc5 18. Bb5+ Ke7 19.
Nc6+ Kf6 20. Na5 Rd8 21. Bc6 Nxf2 22. Rxf2+ Bxf2+ 23. Kxf2 Rd2+ 24. Kg3 Rxb2 25. Be8 Rc3+ 26. Kf4 Rxg2 27. Ke4 Rg4# 0-1

[Event "Late-Titled-Tuesday-Blitz-September-05-2023"]
[Site "Chess.com"]
[Date "2023.09.05"]
[Round "9"]
[White "ckgchess"]
[Black "DenishevM"]
[Result "1-0"]
[WhiteElo "2835"]
[BlackElo "2635"]
[TimeControl "180+1"]
[EndTime "15:44:10 PDT"]
[Termination "ckgchess won by resignation"]

1. e4 c5 2. c3 Nf6 3. e5 Nd5 4. d4 e6 5. Nf3 Nc6 6. Bc4 Nb6 7. Bb3 d5 8. O-O Be7 9. Re1 Bd7 10. Be3 cxd4 11.
cxd4 Rc8 12. Nbd2 Na5 13. Bc2 Nac4 14. Nxc4 dxc4 15. Nd2 Nd5 16. Qg4 g6 17. Bh6 Bc6 18. Ne4 Nb4 19. Bb1 Qd5 20. Bg7 Rg8 21. Nf6+ Bxf6 22.
Bxf6 h5 23. Qg3 Qxd4 24. a3 Qxb2 25. Bf5 Nd5 26. Rab1 Qd2 27. Be4 Qf4 28. Bxd5 Qxg3 29. Bxc6+ Rxc6 30. hxg3 1-0

[Event "Late-Titled-Tuesday-Blitz-September-05-2023"]
[Site "Chess.com"]
[Date "2023.09.05"]
[Round "9"]
[White "ural58"]
[Black "korason34"]
[Result "1-0"]
[WhiteElo "2554"]
[BlackElo "2669"]
[TimeControl "180+1"]
[EndTime "15:44:17 PDT"]
[Termination "ural58 won by resignation"]

1. e4 c6 2. Nc3 d5 3. Nf3 Bg4 4. h3 Bxf3 5. Qxf3 e6 6. Be2 Nf6 7. e5 Nfd7 8. Qg3 c5 9. f4 Nc6 10. O-O g6 11. b3 Bg7 12. Bb2 O-O 13. Nb5 a6 14. Nd6 f6 15. Nxb7 Qc7 16. f5 Qxb7 17. exf6 Nxf6 18. fxg6 hxg6 19. Qxg6 Nd4 20. Bxd4 cxd4 21.
Bd3 Rae8 22. Rae1 Qf7 23. Rxf6 Qxf6 24. Qh7+ Kf7 25. Rf1 Rh8 26. Rxf6+ Kxf6 27. Qg6+ Ke5 28. Qxg7+ Kd6 29. Qxd4 e5 30. Qb6+ Kd7 31. Bxa6 Re6 32. Qb7+ Kd6 33. c4 dxc4 34. Bxc4 Rf6 35. Qb6+ Ke7 36.
Qc7+ Kf8 37. Qd8+ Kg7 38. Qe7+ Kg6 39. Bd3+ 1-0

[Event "Late-Titled-Tuesday-Blitz-September-05-2023"]
[Site "Chess.com"]
[Date "2023.09.05"]
[Round "9"]
[White "Michalczak"]
[Black "leoduarte"]
[Result "0-1"]
[WhiteElo "2500"]
[BlackElo "2413"]
[TimeControl "180+1"]
[EndTime "15:44:20 PDT"]
[Termination "leoduarte won by checkmate"]

1. e4 e5 2. Nf3 Nc6 3. Bb5 a6 4. Ba4 Nf6 5. O-O b5 6. Bb3 Bc5 7. c3 d6 8. a4 Rb8 9. axb5 axb5 10. d4 Bb6 11. Na3 O-O 12. Nxb5 Bg4 13. Bc2 Bxf3 14. gxf3 Nh5 15. Kh1 Qh4 16. Be3 Ne7 17. Rg1 Ng6 18. Rg4 Qh3 19. Bd3 Nhf4 20. Bf1 Qh5 21.
dxe5 dxe5 22. Bxb6 Rxb6 23. b4 Ne7 24. Qd7 Rh6 25. h4 Neg6 26. Qf5 Nxh4 27. Qxh5 Rxh5 28. Kh2 Nxf3+ 29. Kg3 Nd2 30. Bg2 Nxe4+ 31. Bxe4 Rh3# 0-1

[Event "Late-Titled-Tuesday-Blitz-September-05-2023"]
[Site "Chess.com"]
[Date "2023.09.05"]
[Round "9"]
[White "Alexei_Gubajdullin"]
[Black "Too_Stupid_To_Play"]
[Result "1-0"]
[WhiteElo "2583"]
[BlackElo "2282"]
[TimeControl "180+1"]
[EndTime "15:44:21 PDT"]
[Termination "Alexei_Gubajdullin won on time"]

1. d4 b6 2. Nf3 Bb7 3. Bf4 e6 4.
e3 f5 5. Be2 Nf6 6. O-O Be7 7. c4 O-O 8. Nc3 Nh5 9. d5 Nxf4 10. exf4 Bf6 11. dxe6 dxe6 12. Ne5 Bxe5 13. fxe5 Qh4 14. Bf3 Nc6 15. Qd7 Rf7 16. Qxe6 Nd4 17. Qxf7+ Kxf7 18. Bxb7 Re8 19. Bd5+ Kf8 20. f4 c6 21.
Rad1 cxd5 22. Rxd4 dxc4 23. Rxc4 Rd8 24. Rf2 Qh5 25.
Rc7 a6 26. e6 Rd6 27. e7+ Ke8 28. Re2 Rd1+ 29. Kf2 Qh4+ 30. Ke3 Rd7 31. Rxd7 Kxd7 32. Kd3 Ke8 33. Nd5 1-0

[Event "Late-Titled-Tuesday-Blitz-September-05-2023"]
[Site "Chess.com"]
[Date "2023.09.05"]
[Round "9"]
[White "ChessSwole"]
[Black "DTChess"]
[Result "1-0"]
[WhiteElo "2668"]
[BlackElo "2465"]
[TimeControl "180+1"]
[EndTime "15:44:28 PDT"]
[Termination "ChessSwole won by resignation"]

1. d4 Nf6 2. c4 g6 3. Nc3 Bg7 4. e4 d6 5. h3 O-O 6. Be3 Nbd7 7. g4 c5 8. Nge2 a6 9. Bg2 Rb8 10. a4 b6 11. O-O Bb7 12. d5 Ne8 13. f4 Nc7 14. g5 b5 15. axb5 axb5 16. cxb5 Nb6 17. b3 Bc8 18. f5 Bd7 19. Ra5 Be5 20. Bf4 f6 21. Bxe5 fxe5 22. Ng3 Ra8 23. Rxa8 Qxa8 24. h4 Nxb5 25. Nce2 Nd4 26. Nxd4 cxd4 27. h5 Qa5 28. hxg6 hxg6 29. fxg6 Rxf1+ 30. Nxf1 Be8 31. Qh5 Bxg6 32. Qxg6+ Kf8 33. Qh6+ Ke8 34. g6 Kd7 35. g7 1-0

[Event "Late-Titled-Tuesday-Blitz-September-05-2023"]
[Site "Chess.com"]
[Date "2023.09.05"]
[Round "9"]
[White "K_A_S_T_O_R"]
[Black "eljanov"]
[Result "1/2-1/2"]
[WhiteElo "2956"]
[BlackElo "2888"]
[TimeControl "180+1"]
[EndTime "15:44:29 PDT"]
[Termination "Game drawn by agreement"]

1. e4 c6 2. Nf3 d5 3. d3 dxe4 4. dxe4 Qxd1+ 5. Kxd1 Nf6 6. Nbd2 g6 7. Ne5 Bh6 8. f3 Be6 9. Bc4 Nbd7 10. Bxe6 Nxe5 11.
Bb3 a5 12. a4 Nfd7 13. Nc4 Bxc1 14. Kxc1 Nxc4 15. Bxc4 e5 16. Rd1 Nc5 17. b3 Ke7 18. Kd2 Rhd8+ 19. Kc3 f6 20. Rxd8 Rxd8 21. b4 axb4+ 22.
Kxb4 b6 23. a5 Ra8 24. Ra3 Nd7 25. axb6 c5+ 26. Kb3 Rxa3+ 27. Kxa3 Nxb6 28. Bg8 h6 29. Kb3 f5 30. exf5 gxf5 31. Kc3 Kf6 32. Kd3 Kg5 33. g3 h5 34. h4+ Kg6 35. c3 Kf6 36. Bb3 Kg6 37. Bg8 Kg7 38. Bb3 Kf6 39. Bg8 Ke7 40. Bb3 Kf6 41. Bg8 1/2-1/2

[Event "Late-Titled-Tuesday-Blitz-September-05-2023"]
[Site "Chess.com"]
[Date "2023.09.05"]
[Round "9"]
[White "NotFischer"]
[Black "Good_Knight_Kiss"]
[Result "1-0"]
[WhiteElo "2282"]
[BlackElo "2322"]
[TimeControl "180+1"]
[EndTime "15:44:30 PDT"]
[Termination "NotFischer won by resignation"]

1. e4 c5 2. Nf3 d6 3. d4 cxd4 4.
Nxd4 Nf6 5. Nc3 a6 6. Bc4 e6 7. Bb3 Nbd7 8. O-O Nc5 9. Qf3 Be7 10. Qg3 O-O 11. Bh6 Ne8 12. f4 Kh8 13. Bg5 Nf6 14.
Qh4 Qc7 15. Rae1 b5 16. e5 dxe5 17. fxe5 Ng8 18. Re3 Bxg5 19. Qxg5 h6 20. Qh5 b4 21. Ne4 Nxe4 22. Rxe4 Bb7 23. Ref4 Qc5 24. Kh1 Rad8 25.
Nf3 Rd7 26. Ng5 Qxe5 27. Nxf7+ Rdxf7 28. Qxe5 Rxf4 29. Rxf4 1-0

[Event "Late-Titled-Tuesday-Blitz-September-05-2023"]
[Site "Chess.com"]
[Date "2023.09.05"]
[Round "9"]
[White "traack"]
[Black "Doudou2015"]
[Result "1-0"]
[WhiteElo "2377"]
[BlackElo "2209"]
[TimeControl "180+1"]
[EndTime "15:44:31 PDT"]
[Termination "traack won on time"]

1. e4 c5 2. Nf3 Nc6 3. d4 cxd4 4.
Nxd4 e5 5. Nb5 a6 6. Nd6+ Bxd6 7. Qxd6 Qf6 8. Qd1 Qg6 9. Nc3 Nge7 10. Be3 d5 11.
Nxd5 Nxd5 12. Qxd5 Be6 13. Qc5 Qxe4 14. Bd3 Qxg2 15.
O-O-O Qd5 16. Qb6 Nd4 17. c4 Rc8 18. Kb1 Qc5 19. Bxd4 exd4 20. Qxb7 O-O 21. Qe4 g6 22. b3 a5 23. h4 a4 24. h5 Bf5 25. Qf3 Bxd3+ 26. Qxd3 axb3 27. axb3 Rb8 28. hxg6 fxg6 29.
Qh3 Rf7 30. Rd3 1-0

[Event "Late-Titled-Tuesday-Blitz-September-05-2023"]
[Site "Chess.com"]
[Date "2023.09.05"]
[Round "9"]
[White "Verony64"]
[Black "tylityli"]
[Result "0-1"]
[WhiteElo "2231"]
[BlackElo "2312"]
[TimeControl "180+1"]
[EndTime "15:44:32 PDT"]
[Termination "tylityli won by resignation"]

1. e4 e5 2. Nc3 Nf6 3. d3 d5 4. exd5 Nxd5 5. g3 Nc6 6. Bg2 Nxc3 7. bxc3 Bd6 8. Ne2 O-O 9. O-O Bg4 10. Be3 Qd7 11. Qd2 Bh3 12. f4 Bxg2 13. Kxg2 Rae8 14.
f5 f6 15. g4 e4 16. d4 Qf7 17. a4 Na5 18. Qc1 Nc4 19. Rb1 b6 20. Nf4 Bxf4 21. Bxf4 e3 22. Re1 Qd5+ 23. Kg3 e2 24. Rb5 c5 25. a5 Qc6 26. Qb1 Re4 27. Qb3 Qd5 28. dxc5 bxc5 29. Rb7 Kh8 30. Rxa7 Rxf4 31. Kxf4 Qd6+ 32. Kf3 Nd2+ 33. Kf2 Nxb3 34. cxb3 c4 35. Rxe2 Qc5+ 0-1